 Dungeon Crawl Stone Soup version 0.21.1-1-g345015fe64 (webtiles) character file.

252 Gargoyl the Skirmisher (level 5, 0/46 HPs)
             Began as a Centaur Abyssal Knight on Apr 2, 2018.
             Was a Believer of Lugonu.
             Slain by a bullfrog (5 damage)
             ... on level 6 of the Dungeon.
             The game lasted 00:05:21 (2055 turns).

Gargoyl the Skirmisher (Centaur Abyssal Knight)     Turns: 2055, Time: 00:05:22

Health: 0/46       AC: 11    Str: 15    XL:     5   Next: 89%
Magic:  7/7        EV:  4    Int: 11    God:    Lugonu [**....]
Gold:   116        SH:  0    Dex:  9    Spells: 4/4 levels left

rFire    . . .     SeeInvis .   a - +1 hand axe
rCold    . . .     Gourm    .   (no shield)
rNeg     . . .     Faith    .   h - +0 chain mail
rPois    .         Spirit   .   (no helmet)
rElec    .         Reflect  .   (no cloak)
rCorr    .         Harm     .   (no gloves)
MR       .....                  (no barding)
Stlth    ..........             (no amulet)
HPRegen  0.15/turn              d - +3 ring of protection
MPRegen  0.10/turn              (no ring)

@: very quick
A: large, hooves 3, deformed body, speed 2, tough skin 3
a: Depart the Abyss, Bend Space, Renounce Religion


You were on level 6 of the Dungeon.
You worshipped Lugonu.
Lugonu was pleased with you.
You were hungry.

You visited 1 branch of the dungeon, and saw 4 of its levels.
You visited the Abyss 1 time.

You collected 116 gold pieces.

Inventory:

Hand Weapons
 a - a +1 hand axe (weapon)
Armour
 h - a +0 chain mail (worn)
Jewellery
 d - a +3 ring of protection (left hand)
 n - a +4 ring of dexterity {unknown}
Wands
 i - a wand of disintegration (14)
Scrolls
 b - 2 scrolls of teleportation
 e - 4 scrolls of remove curse
 j - a scroll of identify
 m - a scroll of noise {unknown}
Books
 f - a book of Misfortune

   Spells                             Type                      Level
   a - Confusing Touch                Hexes                        1
   b - Confuse                        Hexes                        3
   c - Gell's Gravitas                Translocation                3
   d - Petrify                        Transmutation/Earth          4
   e - Metabolic Englaciation         Hexes/Ice                    5
   f - Yara's Violent Unravelling     Hexes/Transmutation          5
Comestibles
 c - 6 rations
 g - 3 chunks of flesh


   Skills:
 + Level 3.9 Fighting
 + Level 3.3 Axes
 * Level 2.7 Armour
 + Level 0.9 Dodging
 * Level 3.4 Invocations


You had 4 spell levels left.
You didn't know any spells.

Dungeon Overview and Level Annotations

Branches:
Dungeon (3/15)

Altars:


Innate Abilities, Weirdness & Mutations

You have hooves in place of feet.
Armour fits poorly on your strangely shaped body.
You cover ground very quickly.
You have extremely tough skin. (AC +3)


Message History

A centaur comes into view.
The centaur shouts!
As you read the scroll of teleportation, it crumbles to dust.
You feel strangely unstable.
You are feeling hungry.
The centaur wields a shortbow.
The centaur shoots an arrow.
The arrow hits you.
* * * LOW HITPOINT WARNING * * *
Found a ration.
You see here an arrow.
Your surroundings suddenly seem different.
A bullfrog comes into view.
The bullfrog gives a loud, deep croak!
Found 5 javelins.
Found three stone staircases leading up.
The bullfrog hits you but does no damage.
The bullfrog hits you but does no damage.
Found 3 scrolls labeled FEIHUV QOKAD.
An orc comes into view. It is wielding a flail.
The bullfrog hits you.
You die...

## o# .######
>...... .....?.
.......
#########<......
#.......@.#
##.......F##
#.........#
#.........#
.................
...##........####
# #.<....<.#
#......(...
.....########


You could see a bullfrog and an orc.

Vanquished Creatures
  The ghost of supermoro the Shield-Bearer, an amateur HuFi (D:3)
  An orc priest (D:3)
  2 adders (D:3)
  2 worms (D:2)
  4 dart slugs (D:1)
  A leopard gecko (D:3)
  2 orcs (D:3)
  2 giant cockroaches (D:1)
  6 goblins
  7 hobgoblins
  6 jackals (D:1)
  2 quokkas
  4 bats
  4 frilled lizards
  4 kobolds
  11 rats
59 creatures vanquished.

Notes
Turn   | Place    | Note
-------+----------+-------------------------------------------
     0 | Abyss:1  | Gargoyl the Centaur Abyssal Knight began the quest for the Orb.
     0 | Abyss:1  | Reached XP level 1. HP: 19/19 MP: 2/2
    28 | Abyss:2  | Noticed a thrashing horror
    32 | D:1      | Escaped the Abyss
   144 | D:1      | Reached * piety under Lugonu
   232 | D:1      | Reached XP level 2. HP: 26/26 MP: 3/3
   653 | D:1      | Reached XP level 3. HP: 31/31 MP: 4/4
  1136 | D:2      | Reached ** piety under Lugonu
  1814 | D:2      | Found a faded altar of an unknown god.
  1905 | D:3      | Noticed supermoro's ghost (amateur HuFi)
  1934 | D:3      | Killed supermoro's ghost
  1934 | D:3      | Reached XP level 4. HP: 28/40 MP: 6/6
  1934 | D:3      | Reached XP level 5. HP: 32/46 MP: 7/7
  2041 | D:3      | You fall through a shaft for 3 floors!
  2041 | D:6      | Noticed a centaur
  2055 | D:6      | Slain by a bullfrog

Skill      XL: |  1  2  3 |
---------------+----------+-----
Axes           | 2 3 |  3.3
Armour         | 2 |  2.7
Invocations    | 3 |  3.4
Fighting       | |  3.9
Dodging        | |  0.9

Action                   |  1- 3 |  4- 6 || total
-------------------------+-------+-------++-------
Melee: Hand axe          |   129 |    20 ||   149
       Kick              |    25 |     3 ||    28
Invok: Depart the Abyss  |     1 |       ||     1
  Use: Scroll            |     4 |     1 ||     5
       Potion            |     5 |       ||     5
  Eat: Chunk             |     2 |       ||     2
Armor: Ring mail         |    34 |       ||    34
       Chain mail        |    72 |    24 ||    96
Dodge: Dodged            |    49 |     3 ||    52
